 Dungeon Crawl Stone Soup version 0.19-a0-994-g3c636f0 (webtiles) character file.

93 Amnesiac the Grave Robber (level 4, 0/52 HPs)
             Began as an Ogre Necromancer on July 18, 2016.
             Slain by a water moccasin skeleton (4 damage)
             ... on level 3 of the Dungeon.
             The game lasted 00:02:51 (2725 turns).

Amnesiac the Grave Robber (Ogre Necromancer)        Turns: 2725, Time: 00:02:52

Health: 0/52       AC:  3    Str: 20    XL:     4   Next: 61%
Magic:  7/7        EV: 10    Int: 19    God:
Gold:   148        SH:  0    Dex:  9    Spells: 2 memorised, 4 levels left

rFire  + . .     SeeInvis .     i - +0 dagger (venom)
rCold  + . .     Gourm    .     a - +0 robe
rNeg   . . .     Faith    .     (no shield)
rPois  +         Spirit   .     (helmet restricted)
rElec  +         Dismiss  .     (no cloak)
rCorr  +         Reflect  .     (gloves unavailable)
SustAt .         Harm     .     (boots unavailable)
MR     .....                    (no amulet)
Stlth  ..........               (no ring)
                                (no ring)

@: brilliant, berserking, resistant, very quick, not resistant to hostile
enchantments, extremely unstealthy
A: unfitting armour, clumsy 1, frail 1, strong 1, tough skin 1
a: no special abilities


You were on level 3 of the Dungeon.
You were not hungry.

You visited 2 branches of the dungeon, and saw 5 of its levels.

You collected 148 gold pieces.

Inventory:

Hand Weapons
 i - a +0 dagger of venom (weapon)
Armour
 a - a +0 robe (worn)
Jewellery
 q - an uncursed amulet of magic regeneration {unknown}
Wands
 g - a wand of lightning (8/15)
 n - a wand of iceblast (2/15)
Scrolls
 h - 2 scrolls of remove curse {unknown}
 j - 2 scrolls of identify {unknown}
Potions
 d - a potion of brilliance
 r - a potion of heal wounds {unknown}
 s - a potion of lignification {unknown}
Books
 b - a book of Necromancy

   Spells                             Type                      Level
   a - Pain                           Necromancy                   1
   b - Animate Skeleton               Necromancy                   1
   c - Vampiric Draining              Necromancy                   3
   d - Regeneration                   Charms/Necromancy            3
   e - Animate Dead                   Necromancy                   4
   f - Control Undead                 Necromancy                   4
Comestibles
 c - 2 bread rations
 f - 2 meat rations
 k - a beef jerky
 o - a slice of pizza
 p - 3 chunks of flesh


   Skills:
 - Level 1.7 Dodging
 - Level 1.5 Stealth
 - Level 2.5 Spellcasting
 + Level 4.4 Necromancy


You had 4 spell levels left.
You knew the following spells:

 Your Spells              Type           Power        Failure   Level  Hunger
f - Vampiric Draining     Necr           ####......   1%          3    ###....
z - Pain                  Necr           ####         1%          1    #......


Dungeon Overview and Level Annotations

Branches:
Dungeon (4/15)             Temple (1/1) D:4

Altars:
Cheibriados
Dithmenos
Hepliaklqana
Makhleb
Nemelex Xobeh
Okawaru
Qazlal
Sif Muna
Trog
Uskayaw
Xom
Yredelemnul
Zin
The Shining One


Innate Abilities, Weirdness & Mutations

You are too large for most types of armour.
You have tough skin. (AC +1)
You are clumsy. (Dex -2)
You are frail. (-10% HP)
Your muscles are strong. (Str +2)


Message History

You hit the water moccasin skeleton. The water moccasin skeleton bites you.
* * * LOW HITPOINT WARNING * * *
Unknown command.
It was a potion of brilliance.
You feel clever all of a sudden. The water moccasin skeleton bites you!
* * * LOW HITPOINT WARNING * * *
It was a potion of mutation.
You feel extremely strange.
You feel frail.
You feel stronger.
You feel clumsy. The water moccasin skeleton bites you.
* * * LOW HITPOINT WARNING * * *
The water moccasin skeleton closely misses you.
It was a potion of resistance.
You feel protected.
The water moccasin skeleton closely misses you.
It was a potion of berserk rage.
A red film seems to cover your vision as you go berserk!
You feel yourself moving faster!
You feel mighty! The water moccasin skeleton bites you.
You die...

#.....#
#.####.....
#..[..# ...
#.###. #.....#
.. #. .
##.....# #. .
#......## #. .
#......[#
#.##.#..# .
#.##.#..###....
#.##.#.@Z.....(
#........#####.
#......#.#
####.......
#####.##. .# ..
.. . ###


You could see a water moccasin skeleton.

Vanquished Creatures
  A worker ant (D:4)
  An adder (D:2)
  2 worms
  3 dart slugs (D:1)
  3 giant geckos
  2 orcs (D:3)
  2 bats
  3 giant cockroaches
  4 goblins
  5 hobgoblins
  3 jackals (D:3)
  3 giant newts
  4 kobolds
  6 rats
42 creatures vanquished.

Notes
Turn   | Place    | Note
-------+----------+-------------------------------------------
     0 | D:1      | Amnesiac the Ogre Necromancer began the quest for the Orb.
     0 | D:1      | Reached XP level 1. HP: 16/16 MP: 3/3
   182 | D:1      | Reached skill level 3 in Necromancy
   271 | D:1      | Reached XP level 2. HP: 21/24 MP: 3/5
   996 | D:3      | Reached XP level 3. HP: 30/31 MP: 3/6
  1002 | D:3      | Learned a level 3 spell: Vampiric Draining
  1398 | D:4      | Found a stormy altar of Qazlal.
  1460 | D:4      | Found a staircase to the Ecumenical Temple.
  1471 | D:4      | Reached skill level 4 in Necromancy
  1485 | Temple   | Entered the Ecumenical Temple
  1749 | D:2      | Reached XP level 4. HP: 39/39 MP: 7/7
  2723 | D:3      | Gained mutation: You are frail. (-10% HP) [potion of mutation]
  2723 | D:3      | Gained mutation: Your muscles are strong. (Str +2) [potion of mutation]
  2723 | D:3      | Gained mutation: You are clumsy. (Dex -2) [potion of mutation]
  2725 | D:3      | Slain by a water moccasin skeleton

Vault maps used:
D:1:      tarquinn_simple_flora_water_f
D:3:      gammafunk_temple_overflow_statue
D:4:      grunt_qazlal_sundering
Temple:   dshaligram_water_room_temple

Skill      XL: |  1  2  3 |
---------------+----------+-----
Necromancy     | 3 4 |  4.4
Dodging        | |  1.7
Stealth        | |  1.5
Spellcasting   | |  2.5

Action                   |  1- 3 |  4- 6 || total
-------------------------+-------+-------++-------
Melee: Unarmed           |     7 |       ||     7
       Dagger            |     9 |    63 ||    72
 Cast: Pain              |    43 |       ||    43
  Use: Potion            |       |     4 ||     4
  Eat: Chunk             |     3 |     3 ||     6
Armor: Robe              |     2 |     8 ||    10
Dodge: Dodged            |     7 |    28 ||    35
